 Dungeon Crawl Stone Soup version 0.28-a0-1447-ga5a8893891 (webtiles) character file.

Game seed: 11300714864757256107

6 enile the Sneak (level 1, 0/16 HPs)
             Began as a Mummy Wanderer on Jan 11, 2022.
             Hit by a stone thrown by a kobold (2 damage)
             ... on level 1 of the Dungeon.
             The game lasted 00:01:15 (138 turns).

enile the Sneak (Mummy Wanderer)                     Turns: 138, Time: 00:01:15

Health: 0/16       AC:  3    Str: 14    XL:     1   Next: 75%
Magic:  0/2        EV: 10    Int:  9    God:
Gold:   0          SH:  4    Dex: 14    Spells: 1/2 levels left

rFire   x . .      SeeInvis .   a - +0 dagger
rCold   + . .      Faith    .   d - +0 buckler
rNeg    + + +      Spirit   .   f - +0 leather armour
rPois   ∞          Reflect  .   (no helmet)
rElec   .          Harm     .   (no cloak)
rCorr   .          Rampage  .   (no gloves)
Will    .....                   (no boots)
Stlth   ++........              (no amulet)
HPRegen 0.05/turn               (no ring)
MPRegen 0.08/turn               (no ring)

@: very slightly contaminated
A: cold resistance 1, negative energy resistance 3, torment resistance 2, heat
vulnerability 1, no potions
a: no special abilities


You were on level 1 of the Dungeon.
You visited 1 branch of the dungeon, and saw 1 of its levels.

Inventory:

Hand Weapons
 a - a +0 dagger (weapon)
Missiles
 e - 34 stones (quivered)
Armour
 d - a +0 buckler (worn)
 f - a +0 leather armour (worn)
Scrolls
 g - a scroll of identify {unknown}


   Skills:
 + Level 1.9 Fighting
 - Level 3.2 Stealth
 - Level 2.4 Shields
 - Level 1.3 Spellcasting
 - Level 1.0 Earth Magic


You had one spell level left.
You knew the following spells:

 Your Spells              Type           Power      Damage    Failure   Level
a - Sandblast             Erth           4%         2d4       36%         1

Your spell library contained the following spells:

 Spells                   Type           Power      Damage    Failure   Level
 Stone Arrow              Conj/Erth      2%         3d7       82%         3


Dungeon Overview and Level Annotations

Branches:
Dungeon (1/15)

Altars:

Shops:
D:1 *


Innate Abilities, Weirdness & Mutations

You are immune to poison.
Your flesh is cold resistant. (rC+)
You are immune to negative energy. (rN+++)
You are immune to unholy pain and torment.
You are vulnerable to heat. (rF-)
You do not drink.


Message History

The jackal barely misses you.
Sorry, you're not good enough to have a special ability.
Casting: Sandblast (safe; 36% risk of failure)
Confirm with . or Enter, or press ? or * to list all spells.
Okay, then.
Casting: Sandblast (safe; 36% risk of failure)
Confirm with . or Enter, or press ? or * to list all spells.
You don't have enough magic to cast this spell.
Casting: Sandblast (safe; 36% risk of failure)
Confirm with . or Enter, or press ? or * to list all spells.
You don't have enough magic to cast this spell.
You hit the jackal but do no damage.
The jackal is severely wounded.
The jackal bites you but does no damage.
The jackal barely misses you.
You hit the jackal but do no damage.
The jackal is severely wounded.
The kobold hits the fungus with a +0 dagger.
The fungus begins to die.
The jackal bites you.
* * * LOW HITPOINT WARNING * * *
You hit the jackal.
You kill the jackal!
The kobold throws a stone.
The stone misses you.
Casting: Sandblast (safe; 36% risk of failure)
Confirm with . or Enter, or press ? or * to list all spells.
Aiming: Sandblast (safe; 36% risk of failure)
Press: ? - help, Shift-Dir - straight line, f - kobold
Aim: a kobold, wielding a +0 dagger and quivering stones (72% to hit)
You miscast Sandblast.
You are very lightly contaminated with residual magic.
Nothing appears to happen.
The kobold throws a stone.
The stone closely misses you.
The kobold throws a stone.
The stone hits you.
* * * LOW HITPOINT WARNING * * *
A nearby fungus withers and dies.
The kobold throws a stone.
The stone barely misses you.
The kobold throws a stone.
The stone misses you.
The kobold throws a stone.
You block the stone.
The kobold throws a stone.
The stone hits you.
You die...

... #### #.# ##.## #.#
##.#.# #.# ##.###.
#.#######.#####
#.#....!.###...
..#########.#.#.....##.##
............#...###..# #
######.@##.#..## #.# #.
#.#.P.#..###∩...# ## #
.#.#.#.#.#..# ####.# #.
....PJPP........######.#
...#.#.#P#.#K#..........
h..#.. #.P.#..#########
.h.#. .#P#.#†#..# h...
.[..P...†..# ...#
#.#.#.#.#..#


You could see a kobold.

Vanquished Creatures
  A hobgoblin (D:1)
  3 jackals (D:1)
  A ball python (D:1)
5 creatures vanquished.

Vanquished Creatures (others)
  3 fungi (D:1)
  A plant (D:1)
4 creatures vanquished.

Grand Total: 9 creatures vanquished

Notes
Turn   | Place    | Note
-------+----------+-------------------------------------------
     0 | D:1      | enile the Mummy Wanderer began the quest for the Orb.
     0 | D:1      | enile set off with the following items: a +0 dagger, 2
                  | atropa-tipped darts, a datura-tipped dart, a +0 buckler, 37
                  | stones, a +0 leather armour; and the following spell
                  | memorised: Sandblast; and the following spells available to
                  | memorise: Stone Arrow
     0 | D:1      | Reached XP level 1. HP: 15/15 MP: 2/2
    36 | D:1      | Found Neivamm's General Store.
   138 | D:1      | Hit by a stone thrown by a kobold

Illustrated notes

Levels and vault maps discovered:
D:1:      matt_arrival_los_fun, layout_loops_ring, serial_shops, shop,
          shapermc_ecumenical_altar_mp_urbaneastern

Action                   || total
-------------------------++-------
Melee: Dagger            ||    15
Throw: Dart              ||     3
 Cast: Sandblast         ||     3
Armor: Leather armour    ||     3
Dodge: Dodged            ||    14
Block: Buckler           ||     4

Table legend: (Time is in decaauts)
 A = Elapsed time spent in this place.
 B = Non-inter-level travel time spent in this place.
 C = Inter-level travel time spent in this place.
 D = Time resting spent in this place.
 E = Time spent auto-exploring this place.
 F = Levels seen in this place.
 G = Mean time per level.
                   A        B        C        D        E       F      G
               +--------+--------+--------+--------+--------+-----+--------+
         Total |    138 |    138 |      0 |      0 |     74 |   1 |  138.0 |
       Dungeon |    138 |    138 |      0 |      0 |     74 |   1 |  138.0 |
               +--------+--------+--------+--------+--------+-----+--------+

Top non-repeatable levels by time:
     D:1: 138 daAuts
